 Dungeon Crawl Stone Soup version 0.19-a0-753-gae73b43 (console) character file.

700 brucemayne the Chopper (level 7, -1/54 HPs)
             Began as a Vampire Berserker on June 25, 2016.
             Was a Believer of Trog.
             Slain by a wight
             ... wielding a +0 spear
              (7 damage)
             ... on level 7 of the Dungeon.
             The game lasted 00:08:26 (1420 turns).

brucemayne the Chopper (Vampire Berserker)          Turns: 1420, Time: 00:08:27

Health: -1/54      AC:  5    Str: 21    XL:     7   Next: 38%
Magic:  7/7        EV: 11    Int: 10    God:    Trog [**....]
Gold:   137        SH:  0    Dex: 13    Spells: 0 memorised, 6 levels left

rFire  . . .     SeeInvis +     a - +0 hand axe
rCold  + . .     Gourm    .     l - +0 ring mail
rNeg   + + .     Faith    .     (no shield)
rPois  +         Spirit   .     (no helmet)
rElec  .         Dismiss  .     (no cloak)
rCorr  .         Reflect  .     (no gloves)
SustAt .         Harm     .     (no boots)
MR     .....                    (no amulet)
Stlth  +.........               r - +3 ring of strength
                                i - ring of poison resistance

@: regenerating slowly, not resistant to hostile enchantments, very unstealthy
A: fangs 3, see invisible, unbreathing
a: Bat Form, Berserk, Trog's Hand, Burn Spellbooks, Renounce Religion


You were on level 7 of the Dungeon.
You worshipped Trog.
Trog was pleased with you.
You were very thirsty.

You visited 1 branch of the dungeon, and saw 7 of its levels.

You collected 137 gold pieces.

Inventory:

Hand Weapons
 a - a +0 hand axe (weapon)
Armour
 b - a +0 animal skin
 l - a +0 ring mail (worn)
Jewellery
 c - an uncursed ring of ice
 i - a ring of poison resistance (left hand)
 r - a +3 ring of strength (right hand)
Wands
 t - a wand of flame (22/48)
Scrolls
 d - a scroll of enchant armour {unknown}
 e - a scroll of teleportation
 h - 2 scrolls of recharging {unknown}
 k - a scroll of amnesia {unknown}
 m - a scroll of magic mapping {unknown}
 o - 3 scrolls of identify {unknown}
 q - a scroll of random uselessness {unknown}
 s - a scroll of immolation {unknown}
Potions
 f - a potion of berserk rage {unknown}
 g - a potion of brilliance {unknown}
 j - 2 potions of curing
 n - a potion of heal wounds {unknown}
 p - a potion of degeneration {unknown}
 u - a potion of magic {unknown}


   Skills:
 - Level 4.0 Fighting
 + Level 7.3 Axes
 - Level 1.5 Armour
 - Level 2.1 Dodging


You had 6 spell levels left.
You didn't know any spells.

Dungeon Overview and Level Annotations

Branches:
Dungeon (7/15)
 Temple: D:4-7

Altars:
Fedhas
Okawaru


Innate Abilities, Weirdness & Mutations

You heal slowly.
You have razor-sharp teeth.
You have supernaturally acute eyesight. (SInv)
You can survive without breathing.


Message History

The wight barely misses you.
You hit the wight but do no damage. The wight hits you but does no damage.
You hit the wight.
The wight is lightly damaged.
The wight hits you with a spear.
You hit the wight.
The wight is heavily damaged.
The wight hits you but does no damage.
You barely miss the wight.
The wight is heavily damaged.
The wight hits you with a spear!
* * * LOW HITPOINT WARNING * * *
You hit the wight.
The wight is severely damaged.
The wight hits you with a spear.
* * * LOW HITPOINT WARNING * * *
You completely miss the wight.
The wight is severely damaged.
The wight hits you with a spear!
You die...

##.####...#......>#
###.
..........#.......#
#...
######..##.......#
#.## #..###.######
#.# #......# #.#
##.##### #.# #.#
##########.# #z#
#..........#
#@####.##########
#......# ########


You could see a wight.

Vanquished Creatures
  Sigmund (D:3)
  An ogre (D:5)
  A wight (D:7)
  2 crimson imps
  2 hounds (D:7)
  2 orc priests (D:6)
  Jessica (D:3)
  2 worker ants (D:4)
  2 hound skeletons
  A worker ant zombie (D:5)
  6 adders
  A dart slug (D:1)
  3 giant geckos
  2 orcs (D:6)
  3 ball pythons
  2 bats (D:1)
  2 giant cockroaches (D:4)
  6 goblins
  4 hobgoblins
  5 jackals (D:1)
  5 kobolds
  A quokka (D:6)
  A giant newt (D:2)
  A quokka zombie (D:5)
  6 rats
63 creatures vanquished.

Notes
Turn   | Place    | Note
--------------------------------------------------------------
     0 | D:1      | brucemayne the Vampire Berserker began the quest for the Orb.
     0 | D:1      | Reached XP level 1. HP: 17/17 MP: 1/1
    10 | D:1      | Reached skill level 3 in Axes
    18 | D:1      | Reached XP level 2. HP: 16/23 MP: 2/2
   249 | D:2      | Reached XP level 3. HP: 9/28 MP: 3/3
   254 | D:2      | Reached ** piety under Trog
   408 | D:2      | Reached skill level 4 in Axes
   455 | D:3      | Noticed Sigmund
   462 | D:3      | Killed Sigmund
   462 | D:3      | Reached skill level 5 in Axes
   462 | D:3      | Reached XP level 4. HP: 29/34 MP: 4/4
   462 | D:3      | Reached XP level 5. HP: 33/39 MP: 5/5
   466 | D:3      | Noticed Jessica
   539 | D:2      | Reached skill level 6 in Axes
   578 | D:3      | Killed Jessica
   582 | D:3      | Reached XP level 6. HP: 14/46 MP: 6/6
   796 | D:4      | Found an iron altar of Okawaru.
   834 | D:5      | Entered Level 5 of the Dungeon
  1021 | D:6      | Reached skill level 7 in Axes
  1023 | D:6      | Reached XP level 7. HP: 41/52 MP: 7/7
  1076 | D:5      | Found a blossoming altar of Fedhas.
  1420 | D:7      | Slain by a wight

Vault maps used:
D:1:      scummos_arrival_checkerplants
D:2:      nicolae_overflow_crystal_walls, amethyst_overflow_temple_binary,
          st_stairs_11
D:3:      first_bread, uniq_robin, uniq_jessica, uniq_sigmund, uniq_natasha
D:4:      okawaru_metal_pillars_1_2, minmay_goblin_kobold_house
D:5:      ashenzari_conservatory_becter, fedhas_altar_1, uniq_eustachio
D:6:      basic_altar, serial_shops, kennysheep_mini, uniq_blork_the_orc
D:7:      black_bear_nest_2, grunt_livestock, uniq_joseph

Skill      XL: |  1  2  3  4  5  6  7 |
---------------+----------------------+-----
Axes           | 3 5 6 7 |  7.3
Fighting       | 3 4 |  4.0
Armour         | |  1.5
Dodging        | |  2.1

Action                   |  1- 3 |  4- 6 |  7- 9 || total
-------------------------+-------+-------+-------++-------
Melee: Hand axe          |    94 |   141 |    67 ||   302
       Bite              |     5 |     9 |     4 ||    18
Invok: Berserk           |     4 |     3 |     2 ||     9
       Trog's Hand       |     1 |     1 |     3 ||     5
Evoke: Wand              |       |       |     2 ||     2
  Use: Potion            |     6 |     2 |     3 ||    11
       Scroll            |       |       |     1 ||     1
 Stab: Sleeping          |     1 |       |       ||     1
Armor: Animal skin       |    10 |       |       ||    10
       Ring mail         |    10 |    42 |    22 ||    74
Dodge: Dodged            |    73 |    82 |    38 ||   193
